AoeStats
← V. Leonghis

Arena

509323334Analyzed
1v1 RM · 7d ago on Sep 26, 2026· 51m 40s· 2 players
Game mode
Random Map
Map size
Tiny (2 player)
Population
200
Speed
Normal
Resources
Standard
Victory
Conquest
Starting age
Dark Age
Ending age
Imperial Age
RankedLock teamsTeams togetherTeam positionsShared explorationLock speedFull tech treeHidden civsTurbo modeCheats
Victory
Defeat
🇹🇷 Khmer · Türkiye
875
+17
🇳🇱 Dravidians · Netherlands
906
-17
V. Leonghis
9:55 Feudal Age
10:33 Loom
12:57 Castle Age
11:34 Loom
11:39 Double-Bit Axe
12:00 Horse Collar
13:38 Wheelbarrow
14:25 Bow Saw
24:36 Heavy Plow
31:14 Imperial Age
30:20 Ballistics
31:22 Town Watch
32:07 Hand Cart
32:16 Double Crossbow
33:53 Chemistry
33:15 Siege Engineers
34:57 Pikeman
35:36 Halberdier
37:19 Gold Mining
37:20 Stone Mining
37:30 Heavy Scorpion
38:31 Murder Holes
40:31 Conscription
42:09 Forging
42:00 Scale Mail Armor
43:48 Iron Casting
44:38 Chain Mail Armor
45:19 Arson
46:46 Crop Rotation
47:18 Blast Furnace
48:56 Town Patrol
JesseW
10:24 Feudal Age
11:48 Loom
15:04 Castle Age
15:26 Fletching
17:12 Thumb Ring
17:02 Double-Bit Axe
17:14 Horse Collar
21:25 Husbandry
24:42 Devotion
27:27 Light Cavalry
28:32 Heavy Plow
32:09 Imperial Age
32:02 Scale Barding Armor
32:08 Forging
33:27 Elite Elephant Archer
35:29 Ballistics
35:08 Bodkin Arrow
35:18 Padded Archer Armor
38:38 Chemistry
46:01 Heavy Scorpion
Connection lost

Rejoining the realm…

Still unreachable

The connection could not be restored.

Session expired

The server has moved on; the page needs a fresh start.